 Dungeon Crawl Stone Soup version 0.29.1-1-gd02db6906a (webtiles) character file.

Game seed: 128109819624757212

36 Homeless the Ruffian (level 3, 0/29 HPs)
             Began as a Mummy Monk on Oct 18, 2022.
             Slain by a worm (5 damage)
             ... on level 2 of the Dungeon.
             The game lasted 00:02:23 (2386 turns).

Homeless the Ruffian (Mummy Monk)                   Turns: 2386, Time: 00:02:23

Health: 0/29       AC:  0    Str: 16    XL:     3   Next: 19%
Magic:  3/3        EV: 12    Int:  9    God:
Gold:   88         SH:  0    Dex: 14    Spells: 2/2 levels left

rFire   x . .      SeeInvis .     - Unarmed
rCold   + . .      Faith    .   (no shield)
rNeg    + + +      Spirit   .   (no body armour)
rPois   ∞          Reflect  .   (no helmet)
rElec   .          Harm     .   (no cloak)
rCorr   .          Rampage  .   (no gloves)
Will    .....                   (no boots)
Stlth   ++........              (no amulet)
HPRegen 0.09/turn               (no ring)
MPRegen 0.08/turn               (no ring)

@: no status effects
A: cold resistance 1, negative energy resistance 3, torment resistance 2, heat
vulnerability 1, in touch with death 1, no potions
a: no special abilities


You were on level 2 of the Dungeon.
You visited 1 branch of the dungeon, and saw 2 of its levels.

You collected 88 gold pieces.

Inventory:

Scrolls
 a - a scroll of enchant weapon {unknown}


   Skills:
 - Level 3.0 Fighting
 - Level 2.4 Dodging
 - Level 1.5 Stealth
 * Level 3.6 Unarmed Combat


You had 2 spell levels left.
You didn't know any spells.
Your spell library contained the following spells:

 Spells                   Type           Power      Damage    Failure   Level
 Ensorcelled Hibernation  Hex/Ice        0%         N/A       52%         2
 Anguish                  Hex/Necr       0%         N/A       99%         4
 Spider Form              Tmut/Pois      Unusable   N/A       N/A         3

Dungeon Overview and Level Annotations

Branches:
Dungeon (2/15)

Altars:


Innate Abilities, Weirdness & Mutations

You are immune to poison.
Your flesh is cold resistant. (rC+)
You are immune to negative energy. (rN+++)
You are immune to unholy pain and torment.
You are vulnerable to heat. (rF-)
You are in touch with the powers of death.
You do not drink.


Message History

The bat barely misses you.
You miss the bat.
The bat is moderately wounded.
The bat hits you.
A worm comes into view.
Found a ring mail.
The bat barely misses you. The bat barely misses you. The bat hits you.
The bat barely misses you.
You completely miss the worm. The bat closely misses you. The worm bites you.
You hit the worm.
The worm is lightly wounded.
The bat barely misses you.
You barely miss the worm.
The worm is lightly wounded.
The bat closely misses you. The worm bites you.
You hit the worm.
The worm is moderately wounded.
The bat barely misses you.
You hit the worm.
The worm is moderately wounded.
The bat barely misses you. The worm barely misses you.
You hit the worm.
The worm is heavily wounded.
The bat barely misses you. The bat hits you.
You hit the worm but do no damage.
The worm is heavily wounded.
The bat hits you. The worm bites you!
* * * LOW HITPOINT WARNING * * *
You are too injured to fight recklessly!
You are too injured to fight recklessly!
You hit the worm but do no damage.
The worm is moderately wounded.
The bat closely misses you.
You barely miss the worm.
The worm is moderately wounded.
The bat hits you.
* * * LOW HITPOINT WARNING * * *
The worm bites you.
You die...

#############
#....<......#
###.#########.#
#b...## ##.@..#
##w.## #.## +.#
#.# #+#


You could see a worm and a bat.

Vanquished Creatures
  3 dart slugs (D:1)
  5 endoplasms (D:1)
  A giant cockroach (D:1)
  2 hobgoblins (D:1)
  2 jackals (D:1)
  3 kobolds (D:1)
  2 quokkas (D:1)
  A ball python (D:1)
  3 bats (D:1)
  A frilled lizard (D:1)
  2 goblins (D:1)
  2 rats (D:1)
27 creatures vanquished.

Notes
Turn   | Place    | Note
-------+----------+-------------------------------------------
     0 | D:1      | Homeless the Mummy Monk began the quest for the Orb.
     0 | D:1      | Reached XP level 1. HP: 18/18 MP: 1/1
   520 | D:1      | Reached XP level 2. HP: 21/24 MP: 2/2
  1464 | D:1      | Gained mutation: You are in touch with the powers of death.
                  | [Mummy growth]
  1464 | D:1      | Reached XP level 3. HP: 25/29 MP: 3/3
  2386 | D:2      | Slain by a worm

Illustrated notes

Levels and vault maps discovered:
D:1:      onia_arrival_mini_maze_b, layout_loops_corners
D:2:      layout_loops_corners, serial_forest, infiniplex_forest_end_2,
          infiniplex_forest_straight_2, infiniplex_forest_clump_long,
          infiniplex_forest_corner_1, infiniplex_forest_corner_1,
          infiniplex_forest_3_way, infiniplex_forest_zigzag_1,
          infiniplex_forest_pool, infiniplex_forest_lined_room_2,
          dk_noncrumbling_4

Skill      XL: |  1 |
---------------+----+-----
Unarmed Combat | 3 |  3.6
Fighting       | |  3.0
Dodging        | |  2.4
Stealth        | |  1.5

Action                   || total
-------------------------++-------
Melee: Unarmed           ||   115
       Punch             ||     1
  Use: Scroll            ||     1
 Stab: Sleeping          ||     1
Dodge: Dodged            ||    68
